 Dungeon Crawl Stone Soup version 0.30-b1-2-g02819fbbbe (webtiles) character file.

Game seed: 4775462734444527922

629 Arum the Trooper (level 7, -1/59 HPs)
             Began as a Formicid Fighter on May 11, 2023.
             Was an Initiate of Gozag.
             Slain by Pikel
             ... wielding a +2 whip of freezing
              (2 damage)
             ... on level 4 of the Dungeon.
             The game lasted 00:06:32 (3443 turns).

Arum the Trooper (Formicid Fighter)                 Turns: 3443, Time: 00:06:33

Health: -1/59      AC: 12    Str: 22    XL:     7   Next: 77%
Magic:  7/7        EV:  6    Int:  8    God:    Gozag
Gold:   369        SH:  5    Dex: 13    Spells: 6/6 levels left

rFire   . . .        a - +0 quarterstaff
rCold   . . .        c - +0 buckler
rNeg    . . .        o - +0 plate armour
rPois   .            (helmet unavailable)
rElec   .            (no cloak)
rCorr   .            (no gloves)
SInv    +            (no boots)
Will    .....        f - amulet of magic regeneration Stlth
                     (no ring)
HPRegen 0.29/turn    (no ring)
MPRegen 0.50/turn

%: no passive effects
@: no status effects
A: permanent stasis, dig shafts and tunnels, antennae 3, four strong arms
a: Dig, Shaft Self, Renounce Religion, Potion Petition, Call Merchant, Bribe
Branch


You were on level 4 of the Dungeon.
You worshipped Gozag.
Gozag was aware of your devotion.
You visited 1 branch of the dungeon, and saw 4 of its levels.

You collected 679 gold pieces.
You spent 310 gold pieces at shops.

Inventory:

Hand Weapons
 a - a +0 quarterstaff (weapon)
Armour
 c - a +0 buckler (worn)
 o - a +0 plate armour (worn)
Jewellery
 f - an amulet of magic regeneration (around neck)
Wands
 w - a wand of flame (5)
Scrolls
 e - a scroll of magic mapping {unknown}
 h - a scroll of amnesia
 l - a scroll of noise
 m - 2 scrolls of fog {unknown}
 p - a scroll of fear {unknown}
 r - 2 scrolls of enchant armour {unknown}
 s - 2 scrolls of immolation {unknown}
 u - a scroll of poison
 v - 2 scrolls of enchant weapon {unknown}
Potions
 b - 3 potions of flight {unknown}
 d - a potion of lignification {unknown}
 g - a potion of ambrosia
 j - a potion of magic
 k - 3 potions of brilliance
 q - a potion of mutation {unknown}
 t - a potion of resistance {unknown}


   Skills:
 * Level 6.6 Fighting
 + Level 4.2 Staves
 + Level 5.2 Armour
 - Level 5.0 Shields


You had 6 spell levels left.
You didn't know any spells.
Your spell library contained the following spells:

 Spells                   Type           Power      Damage    Failure   Level
 Shock                    Conj/Air       0%         1d3       100%        1
 Airstrike                Air            0%         2d(0-16)  100%        4
 Swiftness                Air            Unusable   N/A       N/A         3

Dungeon Overview and Level Annotations

Branches:
Dungeon (4/15)             Temple (0/1) D:4

Altars:
Cheibriados
Gozag
Okawaru
Xom

Shops:
D:2 ?:*=

Annotations:
D:4 Pikel


Innate Abilities, Weirdness & Mutations

You cannot be hasted, slowed, berserked, paralysed or teleported.
You can dig through walls and to a lower floor.
You have a pair of large antennae on your head. (SInv)
Your four strong arms can wield two-handed weapons with a shield.


Message History

Pikel freezes you.
* * * LOW HITPOINT WARNING * * *
Okay, then.
You hit Pikel.
Pikel is moderately wounded.
You block Pikel's attack.
You hit Pikel but do no damage.
Pikel is moderately wounded.
Pikel hits you but does no damage.
Okay, then.
Aiming: Throw Flame
Press: ? - help, Shift-Dir - straight line, f - Pikel
Aim: Pikel, wielding a +2 whip of freezing and wearing a +0 robe (moderately wounded, 60% to hit)
The puff of flame hits Pikel.
Pikel is heavily wounded.
Pikel checks his coin pouch and frowns.
Pikel hits you but does no damage.
Aiming: Throw Flame
Press: ? - help, Shift-Dir - straight line, f/p - Pikel
Aim: Pikel, wielding a +2 whip of freezing and wearing a +0 robe (heavily wounded, 60% to hit)
The puff of flame hits Pikel.
Pikel is heavily wounded.
Pikel closely misses you.
Aiming: Throw Flame
Press: ? - help, Shift-Dir - straight line, f/p - Pikel
Aim: Pikel, wielding a +2 whip of freezing and wearing a +0 robe (heavily wounded, 60% to hit)
The puff of flame misses Pikel.
The puff of flame hits the lemure!
You kill the lemure!
That felt strangely unrewarding.
Pikel hits you with a +2 whip of freezing.
* * * LOW HITPOINT WARNING * * *
Pikel freezes you.
* * * LOW HITPOINT WARNING * * *
Unknown command.
Are you sure you want to shaft yourself?
Pikel hits you with a +2 whip of freezing.
* * * LOW HITPOINT WARNING * * *
Pikel freezes you.
You die...
Your body crumbles into a pile of gold.

#.##.<# $ #.#.... #
#.#...# #. #.#...# ###.
#.#.... ...5 #.....#
.5# ###.### #K## #.# #
# #@### ########.##
#.###!.# #.........#
#$.....###.###.##..#
#.#......#.......##..#
#....?..#.8.8.8.##..#
##......#.⌠.⌠.⌠...#.##
+...................[..
####.....###.>.#.....##
#.....# #...####..#


You could see Pikel and 2 lemures.

Vanquished Creatures
  Grinder (D:3)
  An ogre (D:4)
  2 lemures (D:4)
  A scorpion (D:4)
  3 orc priests (D:3)
  An iron imp (D:3)
  An orc wizard (D:3)
  Ijyb (D:3)
  Robin (D:3)
  2 adders
  A worm (D:2)
  3 dart slugs
  5 orcs (D:3)
  3 bats
  6 endoplasms
  2 giant cockroaches
  12 goblins
  12 hobgoblins
  7 quokkas
  7 ball pythons
  3 frilled lizards (D:3)
  8 kobolds
  9 rats
92 creatures vanquished.

Notes
Turn   | Place    | Note
-------+----------+-------------------------------------------
     0 | D:1      | Arum the Formicid Fighter began the quest for the Orb.
     0 | D:1      | Reached XP level 1. HP: 18/18 MP: 1/1
    32 | D:1      | Reached XP level 2. HP: 22/24 MP: 2/2
   421 | D:1      | Reached XP level 3. HP: 28/30 MP: 3/3
   456 | D:1      | Found a faded altar of an unknown god.
   521 | D:1      | Prayed at the altar of an unknown god.
   521 | D:1      | Became a worshipper of Gozag Ym Sagoz the Greedy
   632 | D:2      | Found Wuvatan's Magic Scroll Shoppe.
   641 | D:2      | Bought a scroll of identify for 24 gold pieces
   641 | D:2      | Bought a scroll of noise for 12 gold pieces
   641 | D:2      | Bought a scroll of identify for 24 gold pieces
   641 | D:2      | Bought a scroll of identify for 24 gold pieces
   641 | D:2      | Bought a scroll of identify for 24 gold pieces
   657 | D:2      | Found Folat's Book Boutique.
  1046 | D:2      | Found a shimmering altar of Xom.
  1213 | D:2      | Reached skill level 4 in Fighting
  1227 | D:2      | Found Exoi's Jewellery Emporium.
  1233 | D:2      | Reached XP level 4. HP: 34/36 MP: 4/4
  1347 | D:2      | Found Woet's Assorted Antiques.
  1350 | D:2      | Bought 2 sedimented ruby potions for 50 gold pieces
  1350 | D:2      | Bought a scroll labelled OZXUKHA GOEMM for 28 gold pieces
  1350 | D:2      | Bought a scroll labelled EHUVIM BICS for 28 gold pieces
  1549 | D:2      | Bought a scroll of identify for 24 gold pieces
  1549 | D:2      | Bought a scroll of poison for 48 gold pieces
  1549 | D:2      | Bought a scroll of identify for 24 gold pieces
  1592 | D:3      | Noticed Robin
  1608 | D:3      | Killed Robin
  1795 | D:3      | Reached XP level 5. HP: 36/43 MP: 5/5
  1957 | D:3      | Found a snail-covered altar of Cheibriados.
  1965 | D:3      | Reached skill level 5 in Shields
  2037 | D:3      | Noticed Grinder
  2049 | D:3      | Reached skill level 5 in Fighting
  2049 | D:3      | Reached XP level 6. HP: 32/51 MP: 6/6
  2151 | D:3      | Killed Grinder
  2152 | D:3      | Reached XP level 7. HP: 33/57 MP: 7/7
  2167 | D:3      | Reached skill level 6 in Fighting
  2416 | D:3      | Noticed Ijyb
  2427 | D:3      | Killed Ijyb
  2956 | D:4      | Reached skill level 5 in Armour
  3229 | D:4      | Found a staircase to the Ecumenical Temple.
  3250 | D:4      | Found an iron altar of Okawaru.
  3419 | D:4      | Noticed Pikel
  3443 | D:4      | HP: 1/59 [Pikel/+2 whip of freezing (5)]
  3443 | D:4      | Slain by Pikel

Illustrated notes

Levels and vault maps discovered:
D:1:      ncdulo_watergridlock, layout_rooms, chequers_ecumenical_altar_simple,
          minmay_pentomino_t4
D:2:      layout_basic, basic_altar, serial_shops, shop,
          nicolae_shop_behind_doors, nicolae_shop_waterfront,
          nicolae_shop_real_fake_doors
D:3:      layout_loops_ring, slow_altar_1, kennysheep_generic_room_6, uniq_ijyb,
          uniq_grinder, uniq_robin
D:4:      layout_loops_corners, lemuel_round_altar,
          minmay_temple_entry_drinking_statues, serial_shops,
          nicolae_shop_mannequins, uniq_pikel

Skill      XL: |  1  2  3  4  5  6  7 |
---------------+----------------------+-----
Fighting       | 4 5 6 |  6.6
Armour         | 4 5 |  5.2
Staves         | 3 4 |  4.2
Shields        | 5 |  5.0

Action                     |  1- 3 |  4- 6 |  7- 9 || total
---------------------------+-------+-------+-------++-------
  Melee: Quarterstaff      |    91 |   115 |    88 ||   294
Ability: Dig               |     1 |     1 |       ||     2
         Shaft Self        |       |       |     1 ||     1
  Evoke: Wand              |       |       |     3 ||     3
    Use: Scroll            |     5 |     2 |     1 ||     8
         Potion            |       |     1 |     1 ||     2
 Armour: Scale mail        |    19 |       |       ||    19
         Plate armour      |    21 |    62 |    29 ||   112
  Dodge: Dodged            |    39 |    27 |    24 ||    90
  Block: Buckler           |    26 |    21 |    17 ||    64
